Map: El Dorado

Players

llllllllllll - Winner!

  • Race: Terran Terran
  • League: Gold
  • Spawn Location: 5:00

Niner

  • Race: Protoss Protoss
  • League: Platinum
  • Spawn Location: 7:00

VOD

Have the link to the VOD?

Description

Time

  • Played on: Feb. 28, 2025, 10:08 a.m.
  • Length: 10:13
Show
View Real Time Build Order
Export as new Build Order

llllllllllll Terran - Winner!

Build Orders: Reaper Expand 

Get SALT Encoding   

  12  0:00  SCV  
  13  0:16  Supply Depot  
  13  0:18  SCV  
  14  0:30  SCV  
  15  0:38  Barracks  
  15  0:42  SCV  
  16  0:46  Refinery  
  16  0:54  SCV  
  17  1:06  SCV  
  18  1:18  SCV  
  19  1:29  Reaper  
  19  1:30  Orbital Command  
  20  1:47  Command Center  
  20  1:53  Supply Depot  
  20  1:58  SCV  
  21  2:04  Marine  
  22  2:11  Factory  
  22  2:16  Refinery  
  22  2:22  Bunker  
  22  2:24  SCV  
  23  2:36  SCV  
  24  2:48  SCV  
  24  2:49  Barracks Reactor  
  25  2:57  Factory Tech Lab  
  25  3:04  Starport  
  25  3:05  SCV  
  26  3:06  Orbital Command  
  26  3:17  SCV  
  27  3:26  Siege Tank  
  27  3:27  Marine x2  
  30  3:29  SCV  
  30  3:33  SCV  
  34  3:42  SCV  
  34  3:43  Starport Tech Lab  
  34  3:44  Marine  
  34  3:45  Marine  
  34  3:46  SCV  
  38  3:54  SCV  
  39  3:58  Siege Tank, SCV  
  39  4:02  Marine x2  
  43  4:06  SCV  
  46  4:11  Refinery  
  46  4:18  Barracks  
  46  4:20  Barracks  
  46  4:26  Supply Depot  
  46  4:27  Supply Depot  
  46  4:29  Supply Depot  
  46  4:37  Engineering Bay  
  46  4:47  SCV x2  
  46  4:48  Raven  
  46  4:51  Factory Reactor  
  52  5:00  SCV x2  
  52  5:04  Marine x2  
  54  5:12  SCV x2  
  56  5:14  Stimpack  
  56  5:24  SCV x2  
  56  5:28  Marine x2  
  60  5:29  Widow Mine  
  60  5:30  Widow Mine, Marauder  
  60  5:31  Starport Reactor  
  60  5:33  Terran Infantry Weapons Level 1  
  66  5:36  SCV x2  
  66  5:38  Marauder  
  70  5:43  Supply Depot  
  70  5:46  Supply Depot  
  70  5:56  Marauder  
  72  5:57  Widow Mine x2  
  72  5:59  Marauder  
  78  6:05  Marine x2  
  78  6:10  Command Center  
  80  6:17  Marauder  
  82  6:20  Marauder  
  82  6:23  Marine x2  
  85  6:30  Concussive Shells  
  85  6:38  Medivac  
  85  6:39  Medivac, Marauder  
  91  6:40  Marine x2  
  91  6:44  Supply Depot  
  93  6:56  Marauder  
  93  6:57  Supply Depot x2  
  93  6:58  Marine x2  
  93  7:00  Marauder  
  99  7:06  Combat Shield  
  99  7:08  Engineering Bay  
  99  7:13  Supply Depot  
  99  7:17  Marauder  
  99  7:19  Barracks  
  99  7:21  Marine x2  
  99  7:22  Barracks  
  103  7:34  Marauder  
  105  7:39  Marauder  
  103  7:46  Marine  
  103  7:47  Marine  
  104  7:56  Marauder  
  102  8:00  Marauder  
  102  8:04  Marine x2  
  89  8:17  Marauder  
  91  8:21  Marauder  
  91  8:22  Marine x2  
  91  8:26  Barracks Tech Lab, Barracks Reactor  
  95  8:38  Marine  
  95  8:40  Marine x2  
  98  8:43  Marauder  
  100  8:51  Medivac x2  
  104  8:56  Armory, Marauder  
  104  8:58  Marine  
  104  8:59  Orbital Command  
  104  9:01  SCV x2  
  109  9:04  Marauder  
  109  9:13  SCV, Marine x2  
  112  9:18  Marauder  
  112  9:21  Starport, Viking x2  
  118  9:29  SCV x3  
  121  9:34  Supply Depot  
  121  9:41  SCV x3  
  116  9:53  SCV  
Show
View Real Time Build Order
Export as new Build Order

Niner Protoss 

Build Orders:  

Get SALT Encoding   

  12  0:01  Probe  
  13  0:13  Probe  
  14  0:21  Pylon  
  14  0:25  Probe  
  15  0:39  Probe  
  16  0:47  Gateway  
  16  0:51  Probe  
  17  1:00  Assimilator  
  17  1:06  Assimilator  
  17  1:12  Pylon  
  17  1:15  Probe  
  18  1:23  Probe  
  18  1:31  Probe  
  19  1:37  Cybernetics Core  
  20  1:40  Zealot  
  20  1:41  Probe  
  23  1:49  Probe  
  24  1:57  Probe  
  25  2:11  Probe, Stalker  
  25  2:14  Warp Gate  
  28  2:25  Twilight Council  
  28  2:30  Probe  
  29  2:43  Probe  
  30  2:50  Nexus  
  30  2:51  Pylon  
  30  2:53  Probe  
  30  2:55  Charge  
  31  3:05  Probe  
  32  3:14  Robotics Facility  
  32  3:15  Probe  
  33  3:26  Gateway  
  33  3:37  Forge  
  33  3:40  Probe  
  34  3:50  Gateway  
  34  3:52  Probe  
  35  4:03  Protoss Ground Weapons Level 1, Gateway  
  35  4:05  Probe x2  
  37  4:11  Observer  
  38  4:17  Probe x2  
  40  4:25  Photon Cannon  
  40  4:29  Probe  
  40  4:30  Probe  
  42  4:32  Pylon  
  42  4:41  Probe  
  42  4:42  Probe, Zealot, Stalker  
  42  4:45  Sentry  
  50  4:51  Assimilator  
  50  4:53  Probe  
  50  4:54  Probe  
  50  4:55  Pylon  
  50  4:58  Assimilator  
  52  5:06  Probe x2, Gateway  
  54  5:14  Immortal  
  58  5:18  Shield Battery  
  58  5:19  Probe  
  58  5:20  Probe  
  60  5:31  Probe  
  60  5:32  Probe  
  60  5:35  Zealot x2  
  66  5:36  Pylon  
  66  5:52  Probe x2  
  66  5:53  Observer  
  69  6:08  Protoss Ground Armor Level 1  
  69  6:11  Immortal  
  73  6:12  Zealot x2  
  73  6:13  Photon Cannon  
  73  6:17  Pylon  
  77  6:20  Pylon  
  77  6:25  Blink, Pylon  
  77  6:39  Robotics Facility  
  77  6:45  Stalker x4  
  77  6:46  Stalker  
  87  6:51  Stargate  
  87  6:55  Robotics Bay  
  87  7:02  Pylon  
  87  7:04  Observer  
  88  7:09  Zealot x5  
  98  7:25  Forge  
  98  7:27  Pylon  
  98  7:36  Phoenix  
  100  7:40  Photon Cannon  
  90  7:45  Zealot  
  90  7:46  Zealot  
  90  7:47  Zealot x2  
  83  8:01  Zealot  
  70  8:12  Zealot x3  
  70  8:15  Colossus x2  
  81  8:56  Probe x2  
  82  9:05  Gateway  
  82  9:16  Colossus x2  
  94  9:23  Nexus  
  94  9:27  Pylon  
  94  9:33  Gateway  
  77  9:53  Zealot x4  
  69  10:00  Zealot  
Tags
 
Add a new tag
Caveats
  • Supply blocks, unpowered buildings, or Contaminate may cause inaccurate times.
  • Supply counts are checked every 10 seconds.